 Dungeon Crawl Stone Soup version 0.27.1-3-gb3d3a73c9e (webtiles) character file.

Game seed: 17623545083110436417

7895 Gabide the Basher (level 11, -2/72 (74) HPs)
             Began as a Demonspawn Chaos Knight on Oct 22, 2021.
             Was a Plaything of Xom.
             Killed by drain life
             ... invoked by a soul eater
             ... summoned by Xom
              (9 damage)
             ... on level 9 of the Dungeon.
             The game lasted 00:30:54 (9838 turns).

Gabide the Basher (Demonspawn Chaos Knight)         Turns: 9838, Time: 00:30:55

HP:   -2/72 (74)    AC: 23    Str: 16    XL:     11   Next: 2%
MP:   11/11         EV: 13    Int: 11    God:    Xom [......]
Gold: 361           SH:  4    Dex: 11    Spells: 10/10 levels left

rFire    . . .     SeeInvis .   h - +11 morningstar "Xoepod" {protect, +Rage Str+2}
rCold    . . .     Faith    +   (no shield)
rNeg     . . .     Spirit   .   b - +3 leather armour
rPois    .         Reflect  .   (helmet restricted)
rElec    .         Harm     .   (no cloak)
rCorr    .         Rampage  .   d - +2 pair of gloves
Will     +....                  f - +2 pair of boots
Stlth    +.........             l - amulet of faith
HPRegen  0.22/turn              g - ring of willpower
MPRegen  0.12/turn              (no ring)

@: corroded, unable to read, under a protective aura, hasted, lightly drained,
very quick
A: hooves 1, demonic guardian 2, icemail 2, condensation shield, claws 1, horns
1, clumsy 1, dopey 1, frail 1, mutation resistance 1, weak 1, inability to read
while threatened
a: Renounce Religion, Evoke Berserk Rage


You were on level 9 of the Dungeon.
You worshipped Xom.
You were a very special plaything of Xom.
You visited 1 branch of the dungeon, and saw 9 of its levels.
You also visited: Sewer.

You collected 361 gold pieces.

Inventory:

Hand Weapons
 h - the +11 morningstar "Xoepod" (weapon) {protect, +Rage Str+2}
   (You acquired it on level 8 of the Dungeon)

   It grants its wielder temporary protection when it strikes (+7 to AC).
   Str:       It affects your strength (+2).
   +Rage:     It lets you go berserk.
 q - a +2 shortbow of chaos
 r - a +7 flail of freezing
Missiles
 t - 12 javelins (quivered)
 v - 8 silver javelins
Armour
 b - a +3 leather armour (worn)
 c - a +2 helmet
 d - a +2 pair of gloves (worn)
 f - a +2 pair of boots (worn)
Jewellery
 g - a ring of willpower (left hand)
 l - an amulet of faith (around neck)
 w - the ring of Xom's Capriciousness {Ice rCorr Dex+2}
   (Xom gifted it to you on level 7 of the Dungeon)

   [ring of ice]

   It enhances your ice magic.
   Dex:       It affects your dexterity (+2).
   rF:        It makes you vulnerable to fire.
   rC:        It protects you from cold.
   rCorr:     It protects you from acid and corrosion.
 A - a +6 ring of intelligence
Wands
 k - a wand of charming (8)
Scrolls
 a - 2 scrolls of silence
 n - 2 scrolls of teleportation
 p - 4 scrolls of fog
 C - a scroll of enchant weapon
Potions
 e - 5 potions of curing
 i - a potion of brilliance
 j - a potion of lignification {unknown}
 m - 4 potions of flight
 o - a potion of haste
 z - a potion of might {unknown}
 B - a potion of resistance
Miscellaneous
 x - a box of beasts
 y - a phial of floods (inert)


   Skills:
 + Level 6.6 Fighting
 * Level 12.4 Maces & Flails
 + Level 3.2 Armour
 * Level 6.4 Dodging
 + Level 3.3 Shields
 + Level 0.7 Evocations


You had 10 spell levels left.
You didn't know any spells.
Your spell library contained the following spells:

 Spells                   Type           Power      Damage    Failure   Level
 Beastly Appendage        Tmut           0%         N/A       38%         1
 Corona                   Hex            0%         N/A       38%         1
 Ensorcelled Hibernation  Hex/Ice        0%         N/A       54%         2
 Tukima's Dance           Hex            0%         N/A       77%         3


Dungeon Overview and Level Annotations

Branches:
Dungeon (9/15)             Temple (0/1) D:6            Lair (0/6) D:8
  Sewer (visited)
    Orc: D:9-12

Altars:
Cheibriados
Elyvilon
Kikubaaqudgha
Nemelex Xobeh
Ru
Trog
Xom
Yredelemnul

Shops:
D:2 =   D:9 !


Innate Abilities, Weirdness & Mutations

You have large cloven feet.
A demonic guardian rushes to your aid.
A meltable icy envelope protects you from harm. (AC +8)
A meltable shield of frost defends you. (SH +4)
You have sharp fingernails.
You have a pair of small horns on your head.
You are clumsy. (Dex -2)
You are dopey. (Int -2)
You are frail. (-10% HP)
You are somewhat resistant to further mutation.
You are weak. (Str -2)
You sometimes lose the ability to read scrolls when taking damage.


Message History

The red devil convulses!
The iron imp convulses!
You kill the iron imp!
The rust devil convulses!
The soul eater convulses!
The orange demon convulses!
You are blasted by holy energy!
The red devil hops backward while attacking.
The red devil barely misses you.
The orange demon stings you but does no damage.
The rust devil barely misses you.
The soul eater is lost in a daze.
You thump the soul eater!
Your weapon exudes an aura of protection.
The soul eater is heavily wounded.
You sock the soul eater!
The soul eater is severely wounded.
The orange demon stings you but does no damage.
The soul eater hits you but does no damage.
The rust devil closely misses you.
The red devil is lost in a daze.
You closely miss the soul eater.
You headbutt the soul eater, but do no damage.
The soul eater is severely wounded.
The soul eater hits you.
You feel threatened and lose the ability to read scrolls!
The orange demon misses you. The soul eater hits you!
* * * LOW HITPOINT WARNING * * *
You feel drained.
* * * LOW HITPOINT WARNING * * *
The rust devil hits you. The rust devil corrodes you! The red devil misses you.
You cannot read scrolls in your current state!
You feel yourself speed up. The soul eater hits you!
* * * LOW HITPOINT WARNING * * *
A demonic guardian appears!
The orange demon is lost in a daze.
The soul eater is lost in a daze.
The rust devil closely misses you.
The red devil is lost in a daze.
Okay, then.
You cannot read scrolls in your current state!
You hit the soul eater. Your headbutt misses the soul eater.
The soul eater is severely wounded.
The soul eater closely misses you.
The orange demon stings you but does no damage.
The soul eater draws from the surrounding life force!
You die...

######## #######
#......## #.....#
#......+.
#.....####.....(##
+.....'...........
#.....########+#.#
# #.##### #......#
#.#3# #......#
#.3@# #......#
+.44# #......#
#4.4. #....).#
#...## ###....).#
#.... ........).)
..#.# #.######+#.#
####.# #.# #.# ...
....


You could see 2 soul eaters, an orange demon (summoned, dazed), a rust devil
(summoned, dazed), a red devil (summoned, dazed, ally target) and a friendly
hellwing (summoned).

Vanquished Creatures
  An orb spider (D:8)
  A cyclops (D:7)
  A kobold demonologist (D:9)
  Prince Ribbit (D:6)
  20 yaks
  2 wyverns (D:8)
  3 steam dragons
  2 water moccasins (D:8)
  An orc warrior (D:7)
  A swamp drake (D:4)
  2 ice beasts (D:8)
  A sky beast (D:8)
  An ogre (D:5)
  A tengu (D:3)
  4 bullfrogs
  2 kobold brigands
  A scorpion (D:4)
  A water moccasin skeleton (D:7)
  6 killer bees
  17 wights
  A howler monkey (D:8)
  A bullfrog zombie (D:6)
  2 centaur zombies
  3 hounds
  3 orc priests
  2 bullfrog skeletons
  3 iguanas
  2 jellies
  A gnoll shaman (D:7)
  4 orc wizards
  A killer bee zombie (D:6)
  Robin (D:4)
  11 adders
  A howler monkey skeleton (D:4)
  5 gnolls (D:7)
  A shadow imp (D:6)
  An ufetubus (D:7)
  3 worms (D:3)
  5 dart slugs
  24 orcs
  6 ball pythons
  11 bats
  6 endoplasms
  5 giant cockroaches
  12 goblins
  6 hobgoblins
  5 jackals
  5 quokkas (D:1)
  3 frilled lizards
  13 kobolds
  6 rats
222 creatures vanquished.

Vanquished Creatures (collateral kills)
  A basilisk (D:8)
  Edmund (D:4)
  A wight (D:4)
  A goblin (D:4)
4 creatures vanquished.

Vanquished Creatures (others)
  3 yaks
  A worm (D:3)
  An endoplasm (D:3)
  2 jackals (D:3)
  A fungus (D:8)
  10 plants
18 creatures vanquished.

Grand Total: 244 creatures vanquished

Notes
Turn   | Place    | Note
-------+----------+-------------------------------------------
     0 | D:1      | Gabide the Demonspawn Chaos Knight began the quest for the
                  | Orb.
     0 | D:1      | Reached XP level 1. HP: 18/18 MP: 1/1
   121 | D:1      | Gained mutation: A meltable shield of frost defends you.
                  | (SH +4) [demonic ancestry]
   121 | D:1      | Reached XP level 2. HP: 22/24 MP: 2/2
   124 | D:1      | Reached skill level 3 in Maces & Flails
   312 | D:1      | XOM: enchant monster (good)
   416 | D:1      | Reached skill level 1 in Dodging
   486 | D:1      | XOM: enchant monster (bad)
   492 | D:1      | Gained mutation: A meltable icy envelope protects you from
                  | harm. (AC +8) [demonic ancestry]
   492 | D:1      | Reached XP level 3. HP: 29/29 MP: 3/3
   494 | D:1      | XOM: 4-stop teleportation journey
   799 | D:2      | Found Uqaitol's Jewellery Shop.
   918 | D:2      | Noticed Sigmund
   928 | D:2      | XOM: summons 2 hostile demons
   932 | D:2      | Noticed Sigmund
   932 | D:2      | Sigmund changed into Sigmund the killer bee
   932 | D:2      | XOM: polymorph Sigmund -> Sigmund the killer bee
   948 | D:2      | XOM: confuse monster(s)
   950 | D:2      | XOM: confuse monster(s)
   952 | D:2      | Killed Sigmund the killer bee
   953 | D:2      | Reached skill level 1 in Shields
   953 | D:2      | Gained mutation: A meltable icy envelope protects you from
                  | harm. (AC +8) [demonic ancestry]
   953 | D:2      | Reached XP level 4. HP: 12/35 MP: 4/4
  1199 | D:2      | Found a faded altar of an unknown god.
  1203 | D:2      | Got Plato's Handbook of Shape Shifting
  1210 | D:2      | Found an ancient bone altar of Kikubaaqudgha.
  1263 | D:2      | XOM: summons 3 hostile shadow creatures
  1362 | D:2      | XOM: give mutations
  1362 | D:2      | Gained mutation: You are clumsy. (Dex -2) [Xom's mischief]
  1362 | D:2      | Gained mutation: You sometimes lose the ability to read
                  | scrolls when taking damage. [Xom's mischief]
  1475 | D:2      | XOM: summons 3 hostile demons
  1530 | D:2      | XOM: give mutations
  1530 | D:2      | Lost mutation: You sometimes lose the ability to read
                  | scrolls when taking damage. [Xom's mischief]
  1530 | D:2      | Gained mutation: You sometimes lose the ability to read
                  | scrolls when taking damage. [Xom's mischief]
  1530 | D:2      | Lost mutation: You are clumsy. (Dex -2) [Xom's mischief]
  1729 | D:2      | XOM: give mutations
  1729 | D:2      | Gained mutation: You are dopey. (Int -2) [Xom's mischief]
  1729 | D:2      | Gained mutation: You are weak. (Str -2) [Xom's mischief]
  1729 | D:2      | Gained mutation: Armour fits poorly on your strangely
                  | shaped body. [Xom's mischief]
  2028 | D:2      | XOM: give mutations
  2028 | D:2      | Gained mutation: You are robust. (+10% HP) [Xom's mischief]
  2028 | D:2      | Lost mutation: You are dopey. (Int -2) [Xom's mischief]
  2028 | D:2      | Lost mutation: Armour fits poorly on your strangely shaped
                  | body. [Xom's mischief]
  2049 | D:2      | XOM: god gift: hand axe {god gift}
  2150 | D:3      | XOM: divination: detect creatures
  2202 | D:3      | XOM: god gift: robe {god gift}
  2437 | D:3      | Reached skill level 4 in Maces & Flails
  2437 | D:3      | Reached XP level 5. HP: 39/43 MP: 5/5
  2442 | D:3      | XOM: confuse monster(s)
  2579 | D:3      | XOM: god gift: wand of charming (8)
  2674 | D:3      | Found a glowing drain.
  2701 | Sewer    | Entered a sewer
  3150 | Sewer    | XOM: scenery: summon butterflies
  3259 | D:3      | Noticed a sky beast
  3264 | D:3      | Noticed a tengu
  3272 | D:3      | Killed a tengu
  3273 | D:3      | Reached skill level 5 in Maces & Flails
  3273 | D:3      | Reached XP level 6. HP: 44/52 MP: 6/6
  3362 | D:3      | XOM: god gift: glowing shortbow {god gift}
  3429 | D:3      | XOM: god gift: fustibalus {god gift}
  3523 | D:3      | XOM: summons 1 hostile shadow creature
  3637 | D:4      | XOM: summons 2 friendly demons
  3640 | D:4      | XOM: give mutations
  3640 | D:4      | Gained mutation: You are clumsy. (Dex -2) [Xom's mischief]
  3640 | D:4      | Gained mutation: You have large cloven feet. [Xom's
                  | mischief]
  3647 | D:4      | XOM: enchant monster (good)
  3769 | D:4      | Mutation became permanent: You have large cloven feet.
                  | [demonic ancestry]
  3769 | D:4      | Gained mutation: You have large cloven feet. [demonic
                  | ancestry]
  3769 | D:4      | Reached XP level 7. HP: 58/58 MP: 7/7
  3957 | D:4      | XOM: polymorph hound -> swamp drake
  4014 | D:4      | XOM: 2-stop teleportation journey
  4080 | D:4      | XOM: divination: detect creatures
  4145 | D:4      | Noticed Edmund
  4145 | D:4      | XOM: summons 6 friendly demons
  4157 | D:4      | Killed Edmund
  4158 | D:4      | Reached skill level 6 in Maces & Flails
  4163 | D:4      | Noticed Robin
  4178 | D:4      | Killed Robin
  4347 | D:4      | XOM: 1-stop teleportation journey
  4731 | D:5      | Entered Level 5 of the Dungeon
  4753 | D:5      | XOM: summons 4 hostile shadow creatures
  4776 | D:5      | XOM: butterfly on damage
  4779 | D:5      | XOM: chaos upgrade
  4780 | D:5      | XOM: swap monsters
  4782 | D:5      | XOM: potion effect (might)
  4932 | D:4      | XOM: silly message
  5030 | D:5      | XOM: divination: detect items
  5124 | D:5      | Reached XP level 8. HP: 62/66 MP: 8/8
  5208 | D:5      | Found a sacrificial altar of Ru.
  5212 | D:5      | XOM: divination: detect items
  5223 | D:5      | Found a snail-covered altar of Cheibriados.
  5223 | D:5      | Found a sparkling altar of Nemelex Xobeh.
  5309 | D:5      | Found a bloodstained altar of Trog.
  5366 | D:5      | Reached skill level 7 in Maces & Flails
  5780 | D:6      | Found a staircase to the Ecumenical Temple.
  6087 | D:6      | Reached skill level 8 in Maces & Flails
  6151 | D:6      | Noticed Prince Ribbit
  6153 | D:6      | XOM: potion effect (might)
  6157 | D:6      | XOM: potion effect (berserk rage)
  6161 | D:6      | XOM: cast spell 'Call Canine Familiar'
  6162 | D:6      | Killed Prince Ribbit
  6571 | D:7      | XOM: noise
  6578 | D:7      | Reached XP level 9. HP: 73/73 MP: 9/9
  6609 | D:7      | XOM: noise
  6629 | D:7      | Reached skill level 9 in Maces & Flails
  6633 | D:7      | Reached skill level 5 in Fighting
  6726 | D:7      | Identified the ring of Xom's Capriciousness {Ice rCorr
                  | Dex+2} (Xom gifted it to you on level 7 of the Dungeon)
  6726 | D:7      | XOM: god gift: ring of Xom's Capriciousness {Ice rCorr
                  | Dex+2}
  6876 | D:7      | Noticed a cyclops
  6880 | D:7      | XOM: scenery: 2 doors close
  6885 | D:7      | XOM: god gift: box of beasts
  6887 | D:7      | Killed a cyclops
  6970 | D:7      | XOM: potion effect (berserk rage)
  6988 | D:7      | XOM: god gift: phial of floods
  7033 | D:7      | XOM: scenery: create altars
  7079 | D:7      | XOM: scenery: 1 doors close
  7222 | D:8      | XOM: summons 7 friendly demons
  7234 | D:8      | Reached skill level 5 in Dodging
  7237 | D:8      | Reached skill level 10 in Maces & Flails
  7243 | D:8      | Found a staircase to the Lair.
  7253 | D:8      | XOM: summons 5 hostile demons
  7254 | D:8      | XOM: divination: detect items
  7258 | D:8      | XOM: summons 1 hostile shadow creature
  7274 | D:8      | XOM: snakes to sticks
  7275 | D:8      | XOM: scenery: 1 doors open
  7281 | D:8      | XOM: polymorph wyvern -> sky beast
  7300 | D:8      | XOM: swap monsters
  7302 | D:8      | Noticed an orb spider
  7302 | D:8      | a yak changed into an orb spider
  7302 | D:8      | XOM: polymorph yak -> orb spider
  7303 | D:8      | XOM: cast spell 'Leda's Liquefaction'
  7311 | D:8      | XOM: fog
  7313 | D:8      | XOM: divine lightning
  7322 | D:8      | XOM: cleaving
  7324 | D:8      | Killed an orb spider
  7325 | D:8      | Gained mutation: A weak demonic guardian rushes to your
                  | aid. [demonic ancestry]
  7325 | D:8      | Reached XP level 10. HP: 18/83 MP: 10/10
  7385 | D:8      | Reached skill level 11 in Maces & Flails
  7749 | D:8      | XOM: torment (43/83 hp)
  8026 | D:8      | Identified a scroll of acquirement
  8026 | D:8      | Acquired the +11 morningstar "Xoepod" {protect, +Rage
                  | Str+2}
  8065 | D:8      | XOM: fake destruction
  8066 | D:8      | XOM: divination: detect creatures
  8067 | D:8      | XOM: confuse monster(s)
  8074 | D:8      | XOM: cast spell 'Summon Small Mammal'
  8194 | D:8      | Found a basalt altar of Yredelemnul.
  8295 | D:8      | XOM: give mutations
  8295 | D:8      | Gained mutation: You evolve. [Xom's grace]
  8295 | D:8      | Gained mutation: You have a pair of small horns on your
                  | head. [Xom's grace]
  8295 | D:8      | Lost mutation: You evolve. [Xom's grace]
  8295 | D:8      | Gained mutation: You are somewhat resistant to further
                  | mutation. [Xom's grace]
  8389 | D:8      | XOM: confuse monster(s)
  8399 | D:8      | XOM: divine lightning
  8401 | D:8      | XOM: divine lightning
  8446 | D:8      | XOM: cloud trail
  8564 | D:9      | XOM: confuse monster(s)
  8565 | D:9      | XOM: polymorph yak -> steam dragon
  8687 | D:9      | XOM: give mutation
  8687 | D:9      | Gained mutation: You have sharp fingernails. [Xom's
                  | mischief]
  8745 | D:9      | XOM: summons 2 hostile shadow creatures
  8746 | D:9      | Noticed a two-headed ogre
  8746 | D:9      | XOM: noise
  8749 | D:9      | a two-headed ogre changed into a wolf
  8749 | D:9      | XOM: polymorph two-headed ogre -> wolf
  8762 | D:9      | XOM: 5-stop teleportation journey
  8770 | D:9      | XOM: noise
  8774 | D:9      | XOM: divination: detect items
  8775 | D:9      | XOM: divination: detect creatures
  8778 | D:9      | Reached skill level 12 in Maces & Flails
  8934 | D:9      | XOM: god gift: 25 stones
  8936 | D:9      | XOM: summons 2 hostile demons
  8937 | D:9      | XOM: summons 2 hostile demons
  8940 | D:9      | XOM: give mutations
  8940 | D:9      | Lost mutation: You are robust. (+10% HP) [Xom's mischief]
  8940 | D:9      | Gained mutation: You are frail. (-10% HP) [Xom's mischief]
  8940 | D:9      | Gained mutation: Potions are less effective at restoring
                  | your health. [Xom's mischief]
  9108 | D:9      | XOM: torment (36/69 hp)
  9406 | D:9      | XOM: draining
  9437 | D:9      | XOM: divination: detect items
  9440 | D:9      | XOM: give mutations
  9440 | D:9      | Gained mutation: You are dopey. (Int -2) [Xom's mischief]
  9440 | D:9      | Lost mutation: Potions are less effective at restoring your
                  | health. [Xom's mischief]
  9440 | D:9      | Lost mutation: You are dopey. (Int -2) [Xom's mischief]
  9443 | D:9      | XOM: enchant monster (bad)
  9473 | D:9      | XOM: summons 6 hostile demons
  9477 | D:9      | Gained mutation: You are dopey. (Int -2) [a neqoxec]
  9532 | D:9      | XOM: summons 6 hostile demons
  9533 | D:9      | Noticed an orange demon
  9600 | D:9      | Found Kealuup's Distillery.
  9625 | D:9      | XOM: scenery: create altars
  9635 | D:9      | XOM: divine lightning
  9636 | D:9      | Gained mutation: A demonic guardian rushes to your aid.
                  | [demonic ancestry]
  9636 | D:9      | Reached XP level 11. HP: 47/74 MP: 11/11
  9832 | D:9      | XOM: summons 6 hostile demons
  9833 | D:9      | Noticed a soul eater
  9833 | D:9      | Noticed a soul eater
  9838 | D:9      | Killed from afar by a soul eater

Illustrated notes

Levels and vault maps discovered:
D:1:      tarquinn_simple_flora_water_f, layout_loops_ring
D:2:      layout_basic, serial_shops, shop, basic_altar,
          shapermc_ecumenical_altar_rom_forum, uniq_sigmund
D:3:      minmay_wonky_spiral, layout_loops_ring, elyvilon_altar_3,
          cheibrodos_sewer_entry_bend, st_stairs_14
D:4:      layout_loops_ring, minmay_misc_feat_x, uniq_edmund, uniq_robin
D:5:      layout_loops_ring, nicolae_overflow_hidden_temple,
          gammafunk_temple_overflow_forgotten
D:6:      layout_basic, temple_fountains, uniq_prince_ribbit1
D:7:      layout_basic
D:8:      layout_basic, kennysheep_mini, minmay_lair_entry_grove
D:9:      layout_basic, serial_shops, shop

Skill      XL: |  1  2  3  4  5  6  7  8  9 10 |
---------------+-------------------------------+-----
Maces & Flails | 3 4 5 6 8 10 12 | 12.4
Dodging        | 1 2 3 4 5 6 |  6.4
Armour         | 2 3 |  3.2
Shields        | 1 2 3 |  3.3
Fighting       | 4 5 6 |  6.6
Evocations     | |  0.7

Action                   |  1- 3 |  4- 6 |  7- 9 | 10-12 || total
-------------------------+-------+-------+-------+-------++-------
Melee: Mace              |   101 |   274 |       |       ||   375
       Flail             |       |    17 |   310 |     9 ||   336
       Morningstar       |       |       |       |   225 ||   225
       Headbutt          |       |       |       |    26 ||    26
Evoke: Box of beasts     |       |       |     1 |       ||     1
       Phial of floods   |       |       |     1 |       ||     1
  Use: Scroll            |     2 |     6 |     7 |     7 ||    22
       Potion            |       |     3 |     4 |     3 ||    10
 Stab: Sleeping          |       |     1 |     1 |       ||     2
       Petrifying        |       |     1 |       |       ||     1
       Confused          |       |       |       |     3 ||     3
Armor: Leather armour    |    62 |   200 |   134 |   174 ||   570
Dodge: Dodged            |    60 |   244 |   138 |   198 ||   640
Block: Other             |    20 |    67 |    42 |    59 ||   188
